General information
- name: BNet
- type: Ladder team game (AT/RT)
- host: Battle.net
- saver: DOGSANDHORSE.RU
map: RiceFields
- players: 6
- length: 53:39
- speed: Fast
- version: 1.24 W3XP
- replay type:

» download(416 KB)
Players
team 1 (winner)
DOGSANDHORSE.RU (
orange | 98 APM | 5254 actions | 53:39)
8 Blademaster
3 Wind Walk
3 Critical Strike
1 Bladestorm
1 Mirror Image
» actions
| Assign group hotkey | 12 | |
| Basic commands | 2 | |
| Build / train | 81 | |
| Enter build submenu | 66 | |
| Enter hero's abilities submenu | 8 | |
| Give item / drop item | 4 | |
| Remove unit from queue | 2 | |
| Right click | 3774 | |
| Select / deselect | 456 | |
| Select group hotkey | 598 | |
| Use ability | 249 | |
5254 total
» units
| Peon | 17 | |
| Troll Batrider | 23 | |
| Troll Witch Doctor | 1 | |
41 total
» upgrades
| Ranged Weapons | 3 | |
| Liquid Fire | 1 | |
| Witch Doctor Training | 2 | |
| Armor | 1 | |
7 total
» buildings
| Altar of Storms | 2 | |
| Orc Burrow | 8 | |
| War Mill | 3 | |
| Voodoo Lounge | 5 | |
| Watch Tower | 33 | |
| Stronghold | 1 | |
| Beastiary | 2 | |
| Spirit Lodge | 1 | |
| Great Hall | 4 | |
| Fortress | 1 | |
60 total
» build order
00:10 Altar of Storms
00:20 Orc Burrow
01:14 War Mill
01:42 Voodoo Lounge
01:56 Orc Burrow
02:44 Watch Tower
02:46 Watch Tower
03:59 Watch Tower
04:05 Watch Tower
04:10 Watch Tower
04:20 Voodoo Lounge
04:41 Watch Tower
04:44 Watch Tower
04:47 Watch Tower
05:45 Stronghold
05:49 Watch Tower
05:53 Watch Tower
05:56 Watch Tower
06:47 Voodoo Lounge
07:08 Watch Tower
07:10 Watch Tower
08:23 Beastiary
08:32 Watch Tower
08:35 Watch Tower
08:36 Watch Tower
09:09 Watch Tower
09:16 Beastiary
09:18 Spirit Lodge
09:52 Voodoo Lounge
11:09 Great Hall
11:14 Watch Tower
11:16 Watch Tower
11:35 Orc Burrow
11:38 Watch Tower
11:41 Fortress
12:19 Watch Tower
12:21 Watch Tower
12:52 Watch Tower
13:00 War Mill
13:22 Watch Tower
13:23 Watch Tower
14:28 Watch Tower
14:30 Watch Tower
15:54 Watch Tower
16:40 Watch Tower
16:56 Orc Burrow
16:57 Orc Burrow
17:14 Watch Tower
18:09 Watch Tower
19:26 Watch Tower
22:03 Voodoo Lounge
38:58 Orc Burrow
39:38 War Mill
41:00 Altar of Storms
41:01 Orc Burrow
41:04 Orc Burrow
47:03 Great Hall
48:54 Great Hall
49:18 Great Hall
53:06 Watch Tower
» items
| Healing Salve | 4 | |
| Lesser Clarity Potion | 10 | |
| Claws of Attack +15 | 1 | |
| Orb of Lightning | 1 | |
| Scroll of Town Portal | 1 | |
17 total
roganJOSH.yum (
teal | 120 APM | 6449 actions | 53:38)
5 Blood Mage
3 Flame Strike
1 Siphon Mana
1 Banish
5 Pandaren Brewmaster
3 Breath of Fire
1 Drunken Haze
1 Drunken Brawler
4 Pit Lord
2 Rain of Fire
2 Howl of Terror
» actions
| Assign group hotkey | 509 | |
| Basic commands | 22 | |
| Build / train | 140 | |
| ESC pressed | 8 | |
| Enter build submenu | 82 | |
| Enter hero's abilities submenu | 15 | |
| Give item / drop item | 6 | |
| Right click | 3654 | |
| Select / deselect | 844 | |
| Select group hotkey | 869 | |
| Use ability | 300 | |
6449 total
» units
| Peasant | 15 | |
| Priest | 1 | |
| Gryphon Rider | 6 | |
22 total
» upgrades
| Masonry | 3 | |
| Lumber Harvesting | 2 | |
| Priest Training | 2 | |
| Magic Sentry | 1 | |
| Backpack | 1 | |
| Swords | 3 | |
| Armor | 3 | |
| Storm Hammers | 1 | |
16 total
» buildings
| Altar of Kings | 2 | |
| Farm | 10 | |
| Lumber Mill | 1 | |
| Scout Tower | 72 | |
| Guard Tower | 30 | |
| Arcane Tower | 11 | |
| Keep | 2 | |
| Arcane Vault | 2 | |
| Arcane Sanctum | 1 | |
| Town Hall | 3 | |
| Castle | 3 | |
| Blacksmith | 1 | |
| Gryphon Aviary | 5 | |
143 total
» build order
00:02 Altar of Kings
00:08 Altar of Kings
00:17 Farm
00:59 Lumber Mill
01:30 Farm
01:50 Scout Tower
01:52 Scout Tower
02:06 Scout Tower
02:08 Scout Tower
02:20 Guard Tower
02:21 Guard Tower
02:35 Arcane Tower
02:35 Arcane Tower
02:35 Arcane Tower
02:44 Scout Tower
02:45 Scout Tower
02:45 Scout Tower
03:20 Guard Tower
03:21 Farm
03:37 Scout Tower
03:38 Scout Tower
03:39 Scout Tower
03:39 Guard Tower
04:01 Keep
04:01 Keep
04:06 Scout Tower
04:08 Scout Tower
04:09 Guard Tower
04:17 Arcane Vault
04:25 Guard Tower
04:42 Guard Tower
05:26 Guard Tower
05:38 Scout Tower
05:39 Scout Tower
05:41 Scout Tower
05:42 Scout Tower
05:43 Scout Tower
06:12 Guard Tower
06:36 Arcane Sanctum
06:54 Guard Tower
06:56 Scout Tower
07:27 Scout Tower
07:28 Scout Tower
07:33 Guard Tower
08:28 Town Hall
08:31 Scout Tower
08:32 Scout Tower
08:32 Scout Tower
08:36 Scout Tower
08:46 Guard Tower
09:01 Castle
09:01 Castle
09:05 Guard Tower
09:05 Guard Tower
09:14 Guard Tower
09:14 Guard Tower
09:17 Scout Tower
09:18 Scout Tower
09:19 Scout Tower
09:23 Scout Tower
09:49 Guard Tower
09:49 Guard Tower
09:49 Guard Tower
09:55 Scout Tower
09:56 Scout Tower
09:57 Guard Tower
10:21 Scout Tower
10:22 Scout Tower
10:40 Guard Tower
11:12 Farm
11:15 Arcane Tower
11:15 Arcane Tower
11:16 Guard Tower
12:47 Scout Tower
12:48 Scout Tower
12:48 Scout Tower
12:49 Scout Tower
12:51 Scout Tower
12:52 Scout Tower
12:52 Scout Tower
12:53 Scout Tower
12:55 Scout Tower
14:37 Arcane Vault
17:05 Arcane Tower
17:06 Arcane Tower
17:11 Arcane Tower
17:34 Guard Tower
26:59 Town Hall
27:00 Scout Tower
27:01 Scout Tower
27:02 Scout Tower
27:03 Scout Tower
27:05 Scout Tower
27:07 Scout Tower
27:08 Scout Tower
27:09 Scout Tower
27:10 Scout Tower
27:11 Scout Tower
27:12 Scout Tower
27:13 Scout Tower
27:14 Scout Tower
27:16 Scout Tower
27:18 Scout Tower
29:48 Blacksmith
29:52 Gryphon Aviary
29:52 Gryphon Aviary
29:55 Gryphon Aviary
30:00 Gryphon Aviary
32:15 Farm
32:56 Farm
32:57 Farm
32:58 Farm
32:59 Farm
33:00 Farm
33:58 Gryphon Aviary
39:11 Scout Tower
39:12 Scout Tower
39:12 Scout Tower
39:12 Scout Tower
39:13 Scout Tower
39:15 Scout Tower
39:17 Scout Tower
39:17 Scout Tower
39:18 Scout Tower
47:43 Town Hall
47:46 Scout Tower
47:46 Scout Tower
47:47 Scout Tower
47:49 Scout Tower
47:50 Scout Tower
47:52 Scout Tower
47:52 Scout Tower
48:41 Guard Tower
49:24 Guard Tower
49:24 Guard Tower
» items
| Mantle of Intelligence +3 | 2 | |
| Scroll of Regeneration | 2 | |
| Lesser Clarity Potion | 3 | |
| Ivory Tower | 2 | |
| Healing Salve | 1 | |
| Orb of Lightning | 1 | |
| Staff of Sanctuary | 4 | |
| Potion of Healing | 1 | |
| Potion of Mana | 1 | |
| Mana Stone | 1 | |
| Scroll of Town Portal | 2 | |
20 total
TIMG4STRok (
yellow | 133 APM | 7126 actions | 53:38)
6 Archmage
3 Blizzard
2 Brilliance Aura
1 Mass Teleport
7 Mountain King
3 Storm Bolt
3 Bash
1 Avatar
» actions
| Assign group hotkey | 20 | |
| Basic commands | 43 | |
| Build / train | 157 | |
| ESC pressed | 6 | |
| Enter build submenu | 131 | |
| Enter hero's abilities submenu | 13 | |
| Give item / drop item | 3 | |
| Right click | 3174 | |
| Select / deselect | 520 | |
| Select group hotkey | 2725 | |
| Use ability | 334 | |
7126 total
» units
» upgrades
| Masonry | 3 | |
| Lumber Harvesting | 2 | |
| Magic Sentry | 1 | |
| Animal War Training | 1 | |
| Swords | 3 | |
| Storm Hammers | 1 | |
| Plating | 1 | |
| Armor | 3 | |
| Cloud | 1 | |
16 total
» buildings
| Farm | 16 | |
| Altar of Kings | 1 | |
| Lumber Mill | 1 | |
| Scout Tower | 131 | |
| Arcane Tower | 1 | |
| Guard Tower | 67 | |
| Keep | 1 | |
| Arcane Sanctum | 1 | |
| Castle | 1 | |
| Town Hall | 2 | |
| Arcane Vault | 2 | |
| Blacksmith | 2 | |
| Barracks | 2 | |
| Gryphon Aviary | 2 | |
230 total
» build order
00:11 Farm
00:15 Altar of Kings
00:23 Lumber Mill
01:05 Scout Tower
01:43 Farm
01:46 Arcane Tower
01:47 Scout Tower
02:11 Scout Tower
02:14 Guard Tower
02:41 Scout Tower
02:42 Guard Tower
03:46 Guard Tower
03:48 Scout Tower
03:48 Scout Tower
04:19 Guard Tower
04:23 Scout Tower
04:24 Scout Tower
04:32 Scout Tower
04:36 Scout Tower
04:41 Scout Tower
04:42 Scout Tower
04:46 Scout Tower
04:47 Scout Tower
04:50 Guard Tower
04:54 Guard Tower
05:01 Scout Tower
05:02 Scout Tower
05:53 Guard Tower
05:57 Guard Tower
05:59 Scout Tower
05:59 Scout Tower
06:01 Guard Tower
06:04 Keep
06:10 Scout Tower
06:11 Scout Tower
06:13 Scout Tower
06:13 Scout Tower
06:30 Guard Tower
06:40 Farm
06:43 Farm
06:57 Guard Tower
07:01 Scout Tower
07:02 Scout Tower
07:03 Scout Tower
07:03 Scout Tower
07:10 Scout Tower
07:13 Scout Tower
07:32 Guard Tower
07:34 Guard Tower
07:43 Guard Tower
07:45 Scout Tower
07:49 Scout Tower
07:53 Scout Tower
07:57 Guard Tower
08:16 Guard Tower
08:46 Guard Tower
08:53 Arcane Sanctum
08:56 Guard Tower
08:57 Guard Tower
09:14 Scout Tower
09:17 Scout Tower
09:20 Scout Tower
09:42 Guard Tower
09:44 Guard Tower
10:25 Guard Tower
10:29 Guard Tower
10:38 Castle
11:58 Town Hall
12:05 Scout Tower
12:06 Scout Tower
12:07 Scout Tower
12:07 Scout Tower
12:10 Scout Tower
12:13 Scout Tower
12:14 Scout Tower
12:15 Scout Tower
12:17 Scout Tower
12:42 Guard Tower
12:48 Scout Tower
12:49 Scout Tower
12:50 Scout Tower
12:50 Scout Tower
13:00 Guard Tower
13:05 Guard Tower
13:10 Scout Tower
13:11 Scout Tower
13:13 Guard Tower
14:01 Guard Tower
14:11 Guard Tower
14:24 Guard Tower
14:29 Guard Tower
14:33 Guard Tower
14:44 Arcane Vault
14:46 Scout Tower
14:51 Guard Tower
14:56 Scout Tower
14:56 Scout Tower
14:57 Scout Tower
14:58 Scout Tower
14:58 Scout Tower
14:58 Scout Tower
15:42 Arcane Vault
15:46 Guard Tower
15:51 Guard Tower
15:52 Scout Tower
15:52 Scout Tower
16:28 Guard Tower
16:30 Scout Tower
16:31 Scout Tower
16:31 Scout Tower
16:32 Scout Tower
16:33 Scout Tower
16:34 Scout Tower
17:01 Scout Tower
17:02 Scout Tower
17:14 Scout Tower
17:15 Scout Tower
17:16 Scout Tower
17:16 Scout Tower
17:17 Scout Tower
17:24 Guard Tower
17:27 Guard Tower
17:31 Guard Tower
17:33 Guard Tower
18:34 Scout Tower
18:35 Scout Tower
18:39 Scout Tower
18:40 Scout Tower
18:40 Scout Tower
18:41 Scout Tower
18:55 Guard Tower
19:12 Guard Tower
19:15 Guard Tower
19:35 Guard Tower
19:38 Scout Tower
19:38 Scout Tower
19:39 Scout Tower
19:39 Scout Tower
19:40 Scout Tower
19:40 Scout Tower
19:41 Scout Tower
19:41 Scout Tower
19:47 Guard Tower
20:08 Guard Tower
20:09 Scout Tower
20:10 Scout Tower
20:10 Scout Tower
20:11 Scout Tower
20:37 Scout Tower
20:45 Scout Tower
20:46 Scout Tower
20:50 Scout Tower
20:50 Scout Tower
21:14 Guard Tower
21:24 Guard Tower
21:47 Guard Tower
21:48 Scout Tower
21:48 Scout Tower
22:37 Guard Tower
22:44 Guard Tower
22:45 Scout Tower
22:46 Scout Tower
22:54 Scout Tower
22:55 Scout Tower
23:00 Scout Tower
23:00 Scout Tower
23:04 Scout Tower
23:38 Guard Tower
23:40 Scout Tower
23:41 Scout Tower
23:45 Scout Tower
23:57 Guard Tower
24:12 Guard Tower
24:13 Guard Tower
24:36 Guard Tower
25:04 Scout Tower
25:06 Scout Tower
25:08 Scout Tower
25:09 Scout Tower
25:19 Guard Tower
25:21 Blacksmith
25:22 Barracks
25:23 Barracks
25:26 Gryphon Aviary
25:26 Gryphon Aviary
25:30 Farm
25:30 Farm
25:31 Farm
25:32 Farm
25:32 Farm
25:33 Farm
25:36 Scout Tower
25:36 Scout Tower
25:39 Farm
25:39 Farm
25:39 Farm
25:40 Farm
25:40 Farm
26:13 Guard Tower
26:17 Guard Tower
26:27 Scout Tower
26:28 Scout Tower
26:30 Scout Tower
26:30 Scout Tower
26:31 Scout Tower
26:31 Scout Tower
26:32 Scout Tower
26:38 Blacksmith
26:41 Farm
27:01 Guard Tower
27:22 Guard Tower
27:53 Guard Tower
32:41 Scout Tower
32:41 Scout Tower
32:42 Scout Tower
32:42 Scout Tower
32:45 Scout Tower
32:46 Scout Tower
33:15 Guard Tower
33:41 Guard Tower
34:20 Guard Tower
42:56 Town Hall
48:51 Scout Tower
48:51 Scout Tower
48:52 Scout Tower
48:53 Scout Tower
50:43 Guard Tower
50:44 Scout Tower
52:01 Guard Tower
» items
| Healing Salve | 2 | |
| Scroll of Speed | 1 | |
| Lesser Clarity Potion | 1 | |
| Scroll of Town Portal | 8 | |
| Staff of Sanctuary | 2 | |
| Orb of Lightning | 2 | |
| Scroll of Regeneration | 3 | |
19 total
team 2 (loser)
CaSe_fRiEnD (
pink | 39 APM | 2073 actions | 53:37)
7 Keeper of the Grove
3 Entangling Roots
3 Thorns Aura
1 Tranquility
» actions
| Assign group hotkey | 39 | |
| Basic commands | 14 | |
| Build / train | 65 | |
| Enter build submenu | 19 | |
| Enter hero's abilities submenu | 7 | |
| Give item / drop item | 2 | |
| Remove unit from queue | 5 | |
| Right click | 1268 | |
| Select / deselect | 477 | |
| Select group hotkey | 48 | |
| Use ability | 128 | |
2073 total
» units
| Wisp | 20 | |
| Huntress | 6 | |
| Druid of the Claw | 8 | |
| Glaive Thrower | 3 | |
37 total
» upgrades
| Druid of the Claw Training | 2 | |
| Strength of the Wild | 3 | |
| Nature's Blessing | 1 | |
| Reinforced Hides | 4 | |
| Mark of the Claw | 1 | |
| Vorpal Blades | 1 | |
| Ultravision | 1 | |
13 total
» buildings
| Altar of Elders | 1 | |
| Moon Well | 7 | |
| Hunter's Hall | 3 | |
| Ancient of War | 2 | |
| Tree of Ages | 1 | |
| Tree of Eternity | 1 | |
| Ancient of Lore | 2 | |
| Tree of Life | 3 | |
| Ancient Protector | 4 | |
24 total
» build order
00:09 Altar of Elders
00:21 Moon Well
01:36 Hunter's Hall
01:43 Ancient of War
01:59 Ancient of War
02:14 Moon Well
02:18 Moon Well
02:36 Moon Well
04:04 Tree of Ages
06:07 Moon Well
06:47 Tree of Eternity
07:18 Tree of Eternity
07:48 Ancient of Lore
07:51 Ancient of Lore
11:59 Moon Well
12:00 Moon Well
16:36 Tree of Life
19:41 Hunter's Hall
20:19 Hunter's Hall
21:26 Ancient Protector
21:29 Ancient Protector
21:29 Ancient Protector
21:36 Ancient Protector
25:34 Tree of Life
30:05 Tree of Life
» items
| Mantle of Intelligence +3 | 1 | |
| Potion of Greater Healing | 1 | |
2 total

»
DerCheckerNr.2 (
green | 84 APM | 4490 actions | 53:32)
7 Tauren Chieftain
3 War Stomp
3 Endurance Aura
1 Reincarnation
7 Shadow Hunter
3 Healing Wave
3 Hex
1 Big Bad Voodoo
» actions
| Assign group hotkey | 47 | |
| Basic commands | 47 | |
| Build / train | 109 | |
| Enter build submenu | 65 | |
| Enter hero's abilities submenu | 15 | |
| Give item / drop item | 6 | |
| Remove unit from queue | 4 | |
| Right click | 2057 | |
| Select / deselect | 907 | |
| Select group hotkey | 880 | |
| Use ability | 353 | |
4490 total
» units
| Peon | 32 | |
| Grunt | 4 | |
| Troll Witch Doctor | 9 | |
| Demolisher | 9 | |
| Troll Headhunter/Berserker | 4 | |
| Tauren | -1 | |
| Troll Batrider | 13 | |
70 total
» upgrades
| Ranged Weapons | 3 | |
| Berserker Strength | 1 | |
| Witch Doctor Training | 2 | |
| Burning Oil | 1 | |
| Berserker Upgrade | 1 | |
| Reinforced Defenses | 1 | |
| Armor | 1 | |
| Shaman Training | 1 | |
11 total
» buildings
| Altar of Storms | 1 | |
| Orc Burrow | 7 | |
| Barracks | 2 | |
| Voodoo Lounge | 1 | |
| Stronghold | 3 | |
| War Mill | 1 | |
| Fortress | 2 | |
| Spirit Lodge | 1 | |
| Great Hall | 4 | |
| Tauren Totem | 2 | |
| Watch Tower | 62 | |
| Beastiary | 3 | |
89 total
» build order
00:11 Altar of Storms
00:20 Orc Burrow
00:42 Barracks
01:38 Orc Burrow
02:37 Voodoo Lounge
02:54 Orc Burrow
03:15 Stronghold
03:15 Stronghold
04:14 War Mill
04:46 Orc Burrow
05:53 Barracks
06:06 Fortress
06:06 Fortress
06:10 Spirit Lodge
09:27 Orc Burrow
11:20 Orc Burrow
11:22 Orc Burrow
15:24 Great Hall
16:38 Tauren Totem
16:40 Tauren Totem
19:33 Watch Tower
19:35 Watch Tower
19:37 Watch Tower
26:30 Watch Tower
26:30 Watch Tower
26:31 Watch Tower
26:31 Watch Tower
26:31 Watch Tower
26:32 Watch Tower
30:55 Watch Tower
30:56 Watch Tower
30:56 Watch Tower
30:57 Watch Tower
30:57 Watch Tower
31:03 Watch Tower
31:04 Watch Tower
31:04 Watch Tower
31:05 Watch Tower
31:06 Watch Tower
32:49 Watch Tower
32:51 Watch Tower
32:52 Watch Tower
32:53 Watch Tower
33:28 Watch Tower
33:52 Watch Tower
33:54 Watch Tower
34:08 Watch Tower
34:08 Watch Tower
34:10 Watch Tower
34:14 Watch Tower
35:10 Watch Tower
35:12 Watch Tower
35:13 Watch Tower
35:14 Watch Tower
35:15 Watch Tower
35:37 Great Hall
38:13 Watch Tower
38:13 Watch Tower
38:13 Watch Tower
38:14 Watch Tower
38:14 Watch Tower
39:00 Watch Tower
39:03 Watch Tower
39:04 Watch Tower
39:38 Beastiary
39:40 Beastiary
39:43 Beastiary
40:19 Watch Tower
40:21 Watch Tower
40:24 Watch Tower
40:24 Watch Tower
40:29 Watch Tower
40:31 Watch Tower
40:32 Watch Tower
40:35 Watch Tower
40:36 Watch Tower
41:24 Watch Tower
42:37 Watch Tower
43:27 Watch Tower
43:28 Watch Tower
43:46 Watch Tower
44:22 Watch Tower
44:36 Watch Tower
44:37 Watch Tower
46:13 Great Hall
47:14 Watch Tower
49:44 Great Hall
50:50 Watch Tower
» items
| Healing Wards | 1 | |
| Potion of Healing | 1 | |
| Orb of Lightning | 1 | |
3 total

»
udar (
blue | 68 APM | 3640 actions | 53:35)
8 Priestess of the Moon
3 Trueshot Aura
3 Searing Arrows
1 Starfall
1 Scout
» actions
| Assign group hotkey | 40 | |
| Basic commands | 208 | |
| Build / train | 120 | |
| Enter build submenu | 38 | |
| Enter hero's abilities submenu | 8 | |
| Give item / drop item | 3 | |
| Remove unit from queue | 12 | |
| Right click | 1716 | |
| Select / deselect | 650 | |
| Select group hotkey | 754 | |
| Use ability | 90 | |
3640 total
» units
| Wisp | 49 | |
| Archer | 11 | |
| Dryad | 3 | |
| Druid of the Talon | 6 | |
| Glaive Thrower | 2 | |
| Chimaera | 9 | |
80 total
» upgrades
| Strength of the Moon | 2 | |
| Improved Bows | 1 | |
| Druid of the Talon Training | 2 | |
| Strength of the Wild | 3 | |
| Nature's Blessing | 1 | |
| Marksmanship | 1 | |
| Vorpal Blades | 1 | |
| Corrosive Breath | 1 | |
| Reinforced Hides | 2 | |
14 total
» buildings
| Altar of Elders | 1 | |
| Moon Well | 9 | |
| Ancient of War | 1 | |
| Ancient of Wonders | 3 | |
| Hunter's Hall | 1 | |
| Tree of Ages | 1 | |
| Tree of Eternity | 1 | |
| Ancient of Wind | 1 | |
| Ancient of Lore | 1 | |
| Tree of Life | 6 | |
| Chimaera Roost | 3 | |
| Ancient Protector | 6 | |
34 total
» build order
00:09 Altar of Elders
00:17 Moon Well
00:39 Ancient of War
01:32 Moon Well
03:12 Ancient of Wonders
04:08 Ancient of Wonders
04:24 Hunter's Hall
04:27 Moon Well
04:29 Tree of Ages
07:44 Tree of Eternity
07:46 Moon Well
07:50 Ancient of Wind
07:57 Ancient of Lore
08:50 Moon Well
11:36 Tree of Life
12:55 Moon Well
13:58 Moon Well
15:58 Moon Well
16:03 Chimaera Roost
16:04 Chimaera Roost
17:00 Chimaera Roost
18:37 Tree of Life
20:23 Moon Well
22:30 Ancient Protector
22:34 Ancient Protector
22:35 Ancient Protector
22:40 Ancient Protector
23:27 Ancient Protector
23:37 Ancient Protector
24:10 Ancient of Wonders
24:54 Tree of Life
27:43 Tree of Life
29:02 Tree of Life
37:56 Tree of Life
» items
| Claws of Attack +6 | 1 | |
| Slippers of Agility +3 | 1 | |
| Scroll of Town Portal | 3 | |
| Dust of Appearance | 1 | |
6 total
Chat log
(00:53 / Allies) DOGSANDHORSE.RU: blinn half-dim 7
(01:08 / Allies) DOGSANDHORSE.RU: half-blinminished seventh
(01:27 / Allies) TIMG4STRok: ¬
(01:29 / Allies) TIMG4STRok:
(01:31 / Allies) TIMG4STRok:
(01:39 / Allies) TIMG4STRok: ¦
(02:33 / Allies) DOGSANDHORSE.RU: poindexter
(02:34 / Allies) DOGSANDHORSE.RU: aran
(05:13 / All) DOGSANDHORSE.RU: nic stomp
(13:54 / All) DOGSANDHORSE.RU: sweet
(42:41 / All) DOGSANDHORSE.RU: nice
(42:44 / All) DOGSANDHORSE.RU: nice
(48:41 / All) DOGSANDHORSE.RU: thank
(48:41 / All) DOGSANDHORSE.RU: you
(48:42 / All) DOGSANDHORSE.RU: spank
(48:43 / All) DOGSANDHORSE.RU: you
(48:46 / All) DOGSANDHORSE.RU: shitbit
(51:57 / All) DerCheckerNr.2: usuck so hardo mg
(52:06 / All) DerCheckerNr.2: if i would be human -.-
(52:06 / All) DOGSANDHORSE.RU: stop the game
(52:09 / All) DOGSANDHORSE.RU: - uberabaa_mg
(52:11 / All) DerCheckerNr.2: but orc suck so hard aginst towers
(52:19 / All) DOGSANDHORSE.RU: what a matter
(52:19 / All) roganJOSH.yum: ;lol. owned noob ?
(52:21 / All) DerCheckerNr.2: cant reskil lhero..
(52:21 / All) DOGSANDHORSE.RU: cna't kill tower/
(52:25 / All) udar: noob ?
(52:28 / All) DOGSANDHORSE.RU: lose?
(52:39 / All) udar: hm okay alright we towered our bases with 1000 towers ..
(52:47 / All) DOGSANDHORSE.RU: no we did